 Dungeon Crawl Stone Soup version 0.22-a0-565-gfc6459a524 (webtiles) character file.

966 Foic the Magician (level 8, -1/57 HPs)
             Began as a Gnoll Wizard on June 28, 2018.
             Splashed by an orc's acid (9 damage)
             ... on level 6 of the Dungeon.
             The game lasted 00:45:59 (5830 turns).

Foic the Magician (Gnoll Wizard)                    Turns: 5830, Time: 00:46:00

Health: -1/57      AC: -1    Str: 10    XL:     8   Next: 15%
Magic:  19/19      EV: 14    Int: 23    God:
Gold:   156        SH:  0    Dex: 13    Spells: 9/22 levels left

rFire    + . .     SeeInvis .   t - +1 flail (protect)
rCold    . . .     Gourm    .   (no shield)
rNeg     . . .     Faith    .   G - +2 leather armour {rF+}
rPois    +         Spirit   .   b - +0 hat
rElec    .         Reflect  .   E - +0 cloak
rCorr    .         Harm     .   (no gloves)
MR       .....                  (no boots)
Stlth    +++.......             g - amulet of the acrobat
HPRegen  0.19/turn              q - ring of poison resistance
MPRegen  0.16/turn              (no ring)

@: corroded
A: distributed training, fangs 1, strong nose
a: no special abilities


You were on level 6 of the Dungeon.
You were not hungry.

You visited 1 branch of the dungeon, and saw 6 of its levels.

You collected 156 gold pieces.

Inventory:

Hand Weapons
 c - a +0 mace
 f - a +0 spear
 n - a -1 hunting sling
 p - a +0 short sword
 t - a +1 flail of protection (weapon)
 H - a +0 shortbow
Missiles
 e - 41 arrows
 i - 124 stones (quivered)
 A - 12 poisoned needles
 C - 37 bolts
Armour
 a - a +0 robe
 b - a +0 hat (worn)
 k - a +0 ring mail
 E - a +0 cloak (worn)
 G - a +2 leather armour of fire resistance (worn)
Jewellery
 g - an amulet of the acrobat (around neck)
 q - a ring of poison resistance (left hand)
Wands
 r - a wand of enslavement (14)
 s - a wand of digging (10)
 D - a wand of polymorph (10)
Scrolls
 m - a scroll of remove curse
 o - a scroll of fear {unknown}
 u - a scroll of teleportation {unknown}
 w - 4 scrolls of identify
 y - a scroll of enchant weapon {unknown}
 z - a scroll of amnesia
 F - a scroll of immolation {unknown}
Potions
 h - a potion of degeneration {unknown}
 j - 4 potions of brilliance {unknown}
 l - a potion of curing
 v - a potion of mutation {unknown}
 x - a potion of ambrosia {unknown}
 B - a potion of lignification {unknown}
Comestibles
 d - 8 rations
 I - 3 chunks of flesh


   Skills:
 + Level 2.9 Fighting
 + Level 2.9 Short Blades
 + Level 2.9 Long Blades
 + Level 2.9 Axes
 + Level 2.9 Maces & Flails
 + Level 2.9 Polearms
 + Level 2.9 Staves
 + Level 2.9 Slings
 + Level 2.9 Bows
 + Level 2.9 Crossbows
 + Level 2.9 Throwing
 + Level 2.9 Armour
 + Level 5.5 Dodging
 + Level 5.1 Stealth
 + Level 2.9 Shields
 + Level 2.9 Unarmed Combat
 + Level 7.8 Spellcasting
 + Level 3.2 Conjurations
 + Level 2.3 Hexes
 + Level 2.3 Charms
 + Level 3.2 Summonings
 + Level 2.3 Necromancy
 + Level 3.2 Translocations
 + Level 2.3 Transmutations
 + Level 2.3 Fire Magic
 + Level 2.3 Ice Magic
 + Level 2.3 Air Magic
 + Level 2.3 Earth Magic
 + Level 2.3 Poison Magic
 + Level 3.2 Invocations
 + Level 2.9 Evocations


You had 9 spell levels left.
You knew the following spells:

 Your Spells              Type           Power        Failure   Level  Hunger
a - Magic Dart            Conj           ###.         2%          1    None
b - Blink                 Tloc           N/A          3%          2    None
c - Call Imp              Summ           ###.....     3%          2    None
d - Slow                  Hex            ###.....     5%          2    None
e - Mephitic Cloud        Conj/Pois/Air  ###.....     10%         3    None
f - Conjure Flame         Conj/Fire      ###.....     9%          3    None

Your spell library contained the following spells:

 Spells                   Type           Power        Failure   Level  Hunger


Dungeon Overview and Level Annotations

Branches:
Dungeon (6/15)
 Temple: D:4-7

Altars:
Ashenzari
Elyvilon
Fedhas
Qazlal
Wu Jian
The Shining One


Innate Abilities, Weirdness & Mutations

Your experience applies equally to all skills.
You have very sharp teeth.
Your uncanny sense of smell can sniff out nearby items.


Message History

Magic restored.
You start resting.
Your shadow imp disappears in a puff of smoke!
Some of the chunks of flesh in your inventory have rotted away.
Your crimson imp disappears in a puff of smoke!
Some of the chunks of flesh in your inventory have rotted away.
HP restored.
You climb downwards.
The orc zaps a wand.
The bolt of acid hits you! The acid corrodes you!
You are splashed with acid!
The acid burns!
The orc closely misses you.
There is a stone staircase leading up, spattered with blood here.
Wield which item (- for none, * to show all)? (? for menu, Esc to quit)
Your +1 flail of protection hums with potential!
t - a +1 flail of protection (weapon)
You barely miss the orc.
The orc priest shouts!
The orc zaps a wand.
The bolt of acid hits you!
* * * LOW HITPOINT WARNING * * *
The acid corrodes you!
You are splashed with acid!
The acid burns!
You die...

#.......##.# .
#.#####.o#### # #
#>...[......#
)########..#.#
...........#.#
.######.....#.#
..... #..)....#
..... #.....### #
......#.o@..###.#
......#.......#.#
..............'.#
#######..)....###
#.......###
#.....[...#
##........#
#........#
#........#


You could see an orc priest and an orc.

Vanquished Creatures
  Grinder (D:3)
  2 orc priests (D:5)
  An iguana (D:5)
  2 worker ants
  2 gnolls
  An ooze (D:1)
  An adder skeleton (D:5)
  A giant cockroach (D:4)
  A quokka (D:5)
  A ball python (D:6)
  2 bats (D:1)
  3 frilled lizards
  A leopard gecko skeleton (D:4)
  A quokka skeleton (D:4)
  A rat (D:3)
21 creatures vanquished.

Vanquished Creatures (collateral kills)
  2 orc warriors
  3 phantoms
  An ogre (D:4)
  A centaur (D:6)
  A bullfrog (D:5)
  2 scorpions (D:4)
  A crimson imp (D:5)
  A hound (D:4)
  An orc priest (D:5)
  2 orc wizards
  A worker ant zombie (D:5)
  6 adders
  9 gnolls
  An ooze (D:3)
  5 worms
  5 leopard geckos
  17 orcs
  A giant cockroach (D:3)
  4 goblins
  8 hobgoblins
  7 jackals
  3 kobolds
  2 quokkas
  A ball python (D:4)
  2 bats (D:3)
  2 frilled lizards (D:2)
  6 rats
95 creatures vanquished.

Grand Total: 116 creatures vanquished

Notes
Turn   | Place    | Note
-------+----------+-------------------------------------------
     0 | D:1      | Foic the Gnoll Wizard began the quest for the Orb.
     0 | D:1      | Reached XP level 1. HP: 13/13 MP: 8/8
   163 | D:1      | Reached XP level 2. HP: 19/19 MP: 6/10
   167 | D:1      | Learned a level 2 spell: Blink
   174 | D:1      | Learned a level 2 spell: Call Imp
   177 | D:1      | Learned a level 2 spell: Slow
  1294 | D:2      | Reached XP level 3. HP: 25/25 MP: 6/11
  1369 | D:2      | Reached skill level 1 in Invocations
  1560 | D:3      | Reached skill level 1 in Fighting
  1560 | D:3      | Reached skill level 1 in Short Blades
  1560 | D:3      | Reached skill level 1 in Long Blades
  1560 | D:3      | Reached skill level 1 in Axes
  1560 | D:3      | Reached skill level 1 in Maces & Flails
  1560 | D:3      | Reached skill level 1 in Polearms
  1560 | D:3      | Reached skill level 1 in Staves
  1560 | D:3      | Reached skill level 1 in Slings
  1560 | D:3      | Reached skill level 1 in Bows
  1560 | D:3      | Reached skill level 1 in Crossbows
  1560 | D:3      | Reached skill level 1 in Throwing
  1560 | D:3      | Reached skill level 1 in Armour
  1560 | D:3      | Reached skill level 1 in Shields
  1560 | D:3      | Reached skill level 1 in Unarmed Combat
  1560 | D:3      | Reached skill level 1 in Evocations
  1563 | D:3      | Reached XP level 4. HP: 29/32 MP: 7/13
  1594 | D:3      | Noticed Grinder
  1616 | D:3      | Paralysed by Grinder for 3 turns
  1706 | D:3      | Killed Grinder
  1706 | D:3      | Reached skill level 1 in Hexes
  1706 | D:3      | Reached skill level 1 in Charms
  1706 | D:3      | Reached skill level 1 in Necromancy
  1706 | D:3      | Reached skill level 1 in Transmutations
  1706 | D:3      | Reached skill level 1 in Fire Magic
  1706 | D:3      | Reached skill level 1 in Ice Magic
  1706 | D:3      | Reached skill level 1 in Air Magic
  1706 | D:3      | Reached skill level 1 in Earth Magic
  1706 | D:3      | Reached skill level 1 in Poison Magic
  1706 | D:3      | Reached XP level 5. HP: 12/37 MP: 2/14
  2034 | D:3      | Learned a level 3 spell: Mephitic Cloud
  2038 | D:3      | Learned a level 3 spell: Conjure Flame
  2362 | D:4      | Noticed an ogre
  2370 | D:4      | Killed an ogre
  2370 | D:4      | Reached XP level 6. HP: 44/44 MP: 10/16
  2883 | D:4      | Reached skill level 5 in Dodging
  3426 | D:5      | Entered Level 5 of the Dungeon
  3462 | D:5      | Noticed a phantom
  3497 | D:5      | Killed a phantom
  3509 | D:5      | Reached XP level 7. HP: 42/50 MP: 12/18
  3949 | D:5      | Found an ornate altar of the Wu Jian Council.
  3956 | D:5      | Found a shattered altar of Ashenzari.
  3956 | D:5      | Found a white marble altar of Elyvilon.
  3956 | D:5      | Found a blossoming altar of Fedhas.
  3964 | D:5      | Found a stormy altar of Qazlal.
  3976 | D:5      | Found a glowing golden altar of the Shining One.
  4695 | D:6      | Reached skill level 5 in Stealth
  5477 | D:6      | Reached XP level 8. HP: 40/57 MP: 13/19
  5830 | D:6      | Splashed by an orc's acid

Vault maps used:
D:1:      sevenhm_arrival_forest_fort_large_4
D:3:      first_ration, uniq_grinder
D:5:      minitemple, minmay_strange_pillars
D:6:      nicolae_ossuary_entry_monument, bloody_makhleb

Skill      XL: |  1  2  3  4  5  6  7 |
---------------+----------------------+-----
Conjurations   | 2 3 |  3.2
Summonings     | 2 3 |  3.2
Translocations | 2 3 |  3.2
Invocations    | 1 2 3 |  3.2
Fighting       | 1 2 |  2.9
Short Blades   | 1 2 |  2.9
Long Blades    | 1 2 |  2.9
Axes           | 1 2 |  2.9
Maces & Flails | 1 2 |  2.9
Polearms       | 1 2 |  2.9
Staves         | 1 2 |  2.9
Slings         | 1 2 |  2.9
Bows           | 1 2 |  2.9
Crossbows      | 1 2 |  2.9
Throwing       | 1 2 |  2.9
Armour         | 1 2 |  2.9
Shields        | 1 2 |  2.9
Unarmed Combat | 1 2 |  2.9
Evocations     | 1 2 |  2.9
Hexes          | 1 2 |  2.3
Charms         | 1 2 |  2.3
Necromancy     | 1 2 |  2.3
Transmutations | 1 2 |  2.3
Fire Magic     | 1 2 |  2.3
Ice Magic      | 1 2 |  2.3
Air Magic      | 1 2 |  2.3
Earth Magic    | 1 2 |  2.3
Poison Magic   | 1 2 |  2.3
Dodging        | 5 |  5.5
Stealth        | 5 |  5.1
Spellcasting   | |  7.8

Action                   |  1- 3 |  4- 6 |  7- 9 || total
-------------------------+-------+-------+-------++-------
Melee: Hunting sling     |       |     2 |       ||     2
       Flail             |       |       |    55 ||    55
       Bite              |       |       |     5 ||     5
       Punch             |       |       |     1 ||     1
 Fire: Hunting sling     |    17 |    89 |    35 ||   141
       Shortbow          |       |       |     8 ||     8
Throw: Stone             |       |       |     3 ||     3
 Cast: Magic Dart        |    10 |     5 |       ||    15
       Call Imp          |    43 |    79 |    86 ||   208
       Blink             |       |     1 |       ||     1
       Conjure Flame     |       |     2 |     7 ||     9
  Use: Scroll            |     3 |       |     4 ||     7
       Potion            |       |       |     1 ||     1
  Eat: Chunk             |     2 |     3 |     6 ||    11
       Ration            |       |     1 |       ||     1
Armor: Robe              |       |     2 |       ||     2
       Leather armour    |       |       |    27 ||    27
Dodge: Dodged            |    19 |    27 |    83 ||   129

Table legend:
 A = Spawn XP
 B = Non-spawn XP
 C = Spawn XP percentage of total XP
 D = Spawn monster count
 E = Non-spawn monster count
 F = Spawn count percentage of total count
 G = Total turns spent on level
                    A         B        C        D         E        F      G
               +---------+---------+-------+---------+---------+-------+---------
         Total |       0 |    1380 |   0.0 |       0 |     116 |   0.0 |  5830
               +---------+---------+-------+---------+---------+-------+---------
           D:1 |       0 |      12 |   0.0 |       0 |       6 |   0.0 |   731
           D:2 |       0 |      52 |   0.0 |       0 |      24 |   0.0 |   803
           D:3 |       0 |     251 |   0.0 |       0 |      25 |   0.0 |   828
           D:4 |       0 |     193 |   0.0 |       0 |      13 |   0.0 |  1064
           D:5 |       0 |     572 |   0.0 |       0 |      31 |   0.0 |  1826
           D:6 |       0 |     300 |   0.0 |       0 |      17 |   0.0 |   578
               +---------+---------+-------+---------+---------+-------+---------
